 Dungeon Crawl Stone Soup version 0.30.1-11-g7821555f0a (webtiles) character file.

Game seed: 4967482440649609539

327 Ijustatesigmund the Digger (level 6, 0/34 HPs)
             Began as a Gargoyle Earth Elementalist on Nov 17, 2023.
             Was an Initiate of Cheibriados.
             Slain by a gnoll sergeant
             ... wielding a +0 spear
              (12 damage)
             ... on level 3 of the Dungeon.
             The game lasted 00:04:14 (2538 turns).

Ijustatesigmund the Digger (GrEE)                   Turns: 2538, Time: 00:04:17

Health: 0/34       AC:  6    Str: 13    XL:     6   Next: 50%
Magic:  0/10       EV: 12    Int: 18    God:    Cheibriados [......]
Gold:   120        SH:  0    Dex: 11    Spells: 7/11 levels left

rFire   . . .        c - +0 whip
rCold   . . .        (no shield)
rNeg    + . .        a - +0 robe
rPois   ∞            (no helmet)
rElec   +            (no cloak)
rCorr   .            (no gloves)
SInv    .            (no boots)
Will    .....        (no amulet)
Stlth   ++           (no ring)
HPRegen 0.25/turn    (no ring)
MPRegen 0.12/turn

%: no passive effects
@: very slow
A: sickness immunity, AC +4, negative energy resistance 1, electricity
resistance, torment resistance 1, petrification resistance
a: Renounce Religion


You were on level 3 of the Dungeon.
You worshipped Cheibriados.
Cheibriados was noncommittal.
You visited 1 branch of the dungeon, and saw 3 of its levels.

You collected 120 gold pieces.

Inventory:

Hand Weapons
 c - a +0 whip (weapon)
Armour
 a - a +0 robe (worn)
Wands
 b - a wand of polymorph (8)
Scrolls
 e - a scroll of magic mapping {unknown}
 f - a scroll of identify
 n - a scroll of poison {unknown}
 p - a scroll of noise {unknown}
Potions
 d - 2 potions of heal wounds
 g - a potion of invisibility {unknown}
 h - 2 potions of haste {unknown}
 i - a potion of flight {unknown}
 j - a potion of attraction {unknown}
 l - a potion of might {unknown}
 m - 2 potions of curing {unknown}
 o - 2 potions of cancellation {unknown}


   Skills:
 - Level 1.4 Fighting
 - Level 3.8 Maces & Flails
 - Level 1.5 Dodging
 - Level 2.1 Stealth
 + Level 3.0 Spellcasting
 + Level 2.7 Conjurations
 - Level 0.7 Transmutations
 + Level 4.7 Earth Magic
 + Level 0.1 Invocations


You had 7 spell levels left.
You knew the following spells:

 Your Spells              Type           Power      Damage    Failure   Level
a - Sandblast             Erth           38%        2d10      2%          1
b - Stone Arrow           Conj/Erth      32%        3d9       11%         3

Your spell library contained the following spells:

 Spells                   Type           Power      Damage    Failure   Level
 Passwall                 Tmut/Erth      10%        N/A       8%          2
 Momentum Strike          Conj/Tloc      14%        3d8       14%         2
 Blink                    Tloc           4%         N/A       24%         2
 Lesser Beckoning         Tloc           4%         N/A       24%         2
 Petrify                  Tmut/Erth      12%        N/A       45%         4


Dungeon Overview and Level Annotations

Branches:
Dungeon (3/15)

Altars:
Cheibriados


Innate Abilities, Weirdness & Mutations

You are immune to sickness and miasma.
Your stone body is resilient. (AC +4)
You are immune to poison.
You resist negative energy. (rN+)
You are resistant to electric shocks. (rElec)
You are resistant to unholy torment.
You are immune to petrification.


Message History

Aim: a gnoll, wielding a +0 club (72% to hit)
The stone arrow hits the gnoll!!
You kill the gnoll!
Cheibriados appreciates the change of pace.
The gnoll sergeant hits you from afar with a +0 spear.
Casting: Stone Arrow (quite dangerous; 11% risk of failure)
Confirm with . or Enter, or press ? or * to list all spells.
The spell is quite dangerous to miscast (11% risk of failure)!
Continue anyway? [Y]es or [N]o only, please.
The spell is quite dangerous to miscast (11% risk of failure)!
Continue anyway?
Aiming: Stone Arrow (quite dangerous; 11% risk of failure)
Press: ? - help, Shift-Dir - straight line, f - gnoll sergeant
Aim: a gnoll sergeant, wielding a +0 spear and wearing a +0 scale mail (77% to hit)
The stone arrow misses the gnoll sergeant.
The stone arrow hits the gnoll!
The gnoll is almost dead.
The gnoll sergeant hits you but does no damage.
Casting: Stone Arrow (quite dangerous; 11% risk of failure)
Confirm with . or Enter, or press ? or * to list all spells.
The spell is quite dangerous to miscast (11% risk of failure)!
Continue anyway? [Y]es or [N]o only, please.
The spell is quite dangerous to miscast (11% risk of failure)!
Continue anyway?
Aiming: Stone Arrow (quite dangerous; 11% risk of failure)
Press: ? - help, Shift-Dir - straight line, f/p - gnoll sergeant
Aim: a gnoll sergeant, wielding a +0 spear and wearing a +0 scale mail (77% to hit)
The stone arrow hits the gnoll sergeant.
The gnoll sergeant is lightly wounded.
The gnoll sergeant hits you from afar with a +0 spear!
* * * LOW HITPOINT WARNING * * *
You feel much better.
The gnoll sergeant hits you from afar with a +0 spear!
Casting: Stone Arrow (quite dangerous; 11% risk of failure)
Confirm with . or Enter, or press ? or * to list all spells.
Aiming: Sandblast (safe; 2% risk of failure)
Press: ? - help, Shift-Dir - straight line, f/p - gnoll sergeant
Aim: a gnoll sergeant, wielding a +0 spear and wearing a +0 scale mail (87% to hit)
The blast of sand hits the gnoll sergeant but does no damage.
The gnoll shouts!
The gnoll sergeant hits you from afar with a +0 spear! x2
You die...

. #..... . #.
###### #g
######### # #g
#.......###### #g
#(#####....... #g
#.#......##### #.
#.#.##.#.# #
#g#######.#.##.#.#
# #
#ggg)@..#......#.#
# +
#######.#.#.####.#
# # #.#.#.####.# #
#.#<.....#.# #
#.#.#.##.#.# #
#.#.#.##.#.# #
#.#.#.##.#.### #
#.#.#.##.....# #
#.#.#.##...#.# #


You could see a gnoll sergeant and 3 gnolls.

Vanquished Creatures
  Grinder (D:3)
  An iron imp (D:3)
  Terence (D:3)
  A gnoll (D:3)
  2 adders (D:2)
  A worm (D:2)
  3 dart slugs
  4 bats
  2 endoplasms
  4 goblins
  3 hobgoblins
  9 jackals
  A quokka (D:1)
  4 ball pythons
  3 frilled lizards (D:1)
  5 kobolds
  7 rats
  A spectral kobold (D:2)
53 creatures vanquished.

Notes
Turn   | Place    | Note
-------+----------+-------------------------------------------
     0 | D:1      | Ijustatesigmund the Gargoyle Earth Elementalist began the
                  | quest for the Orb.
     0 | D:1      | Reached XP level 1. HP: 10/10 MP: 3/3
    98 | D:1      | Reached XP level 2. HP: 12/16 MP: 0/5
   105 | D:1      | Reached skill level 1 in Fighting
   275 | D:1      | Reached skill level 4 in Earth Magic
   578 | D:1      | Reached XP level 3. HP: 20/20 MP: 3/6
   582 | D:1      | Learned a level 3 spell: Stone Arrow
  1026 | D:2      | Found a faded altar of an unknown god.
  1133 | D:2      | Reached skill level 1 in Conjurations
  1217 | D:2      | Reached XP level 4. HP: 24/25 MP: 2/8
  1534 | D:3      | Noticed Terence
  1543 | D:3      | Killed Terence
  2052 | D:3      | Found a snail-covered altar of Cheibriados.
  2061 | D:3      | Reached XP level 5. HP: 18/29 MP: 3/9
  2221 | D:3      | Became a worshipper of Cheibriados the Contemplative
  2244 | D:3      | Noticed Grinder
  2257 | D:3      | Killed Grinder
  2258 | D:3      | Reached XP level 6. HP: 28/34 MP: 2/10
  2538 | D:3      | Slain by a gnoll sergeant

Illustrated notes

Levels and vault maps discovered:
D:1:      matt_arrival_refuge, layout_rooms
D:2:      layout_rooms, dreamdust_ecumenical_altar_drowned_temple
D:3:      layout_basic, slow_altar_1, uniq_terence, uniq_sigmund, uniq_grinder

Skill      XL: |  1  2  3  4  5 |
---------------+----------------+-----
Fighting       | 1 |  1.4
Earth Magic    | 4 |  4.7
Conjurations   | 1 2 |  2.7
Spellcasting   | 3 |  3.0
Maces & Flails | 3 |  3.8
Dodging        | |  1.5
Stealth        | |  2.1
Transmutations | |  0.7
Invocations    | |  0.1

Action                     |  1- 3 |  4- 6 || total
---------------------------+-------+-------++-------
  Melee: Whip              |    30 |     3 ||    33
         Punch             |     1 |       ||     1
   Cast: Sandblast         |    44 |    29 ||    73
         Stone Arrow       |       |     8 ||     8
    Use: Potion            |       |     3 ||     3
         Scroll            |       |     2 ||     2
   Stab: Sleeping          |     1 |       ||     1
 Armour: Robe              |    18 |     8 ||    26
  Dodge: Dodged            |    28 |     6 ||    34
